 Dungeon Crawl Stone Soup version 0.24.0-29-g8ce449bc06 (webtiles) character file.

Game seed: 1976646403432237747, levelgen mode: deterministic

487 night the Caller (level 7, -2/55 HPs)
             Began as a Barachi Summoner on Nov 13, 2019.
             Shot with an arrow by a centaur (3 damage)
             ... on level 5 of the Dungeon.
             The game lasted 00:20:08 (4924 turns).

night the Caller (Barachi Summoner)                 Turns: 4924, Time: 00:20:10

Health: -2/55      AC:  8    Str: 15    XL:     7   Next: 13%
Magic:  7/14       EV: 12    Int: 17    God:
Gold:   265        SH:  2    Dex: 12    Spells: 2/15 levels left

rFire    . . .     SeeInvis .   b - +9 mace of Iquiroramp {venom, MR+}
rCold    + . .     Gourm    .   (no shield)
rNeg     . . .     Faith    .   d - +0 robe
rPois    .         Spirit   .   n - +1 helmet
rElec    .         Reflect  +   w - +2 cloak
rCorr    .         Harm     .   (no gloves)
MR       +....                  j - +0 pair of boots
Stlth    ++........             h - +2 amulet of reflection
HPRegen  0.18/turn              (no ring)
MPRegen  0.14/turn              r - ring of protection from cold

@: mighty, lightly drained, slow
A: +LOS, swims, slowness 1, strong legs 1
a: Hop


You were on level 5 of the Dungeon.
You were not hungry.

You visited 1 branch of the dungeon, and saw 5 of its levels.

You collected 265 gold pieces.

Inventory:

Hand Weapons
 a - a +0 spear
 b - the +9 mace of Iquiroramp (weapon) {venom, MR+}
   (You found it on level 4 of the Dungeon)

   It poisons the flesh of those it strikes.
   It affects your resistance to hostile enchantments.
 e - a +2 flail of holy wrath
 k - a +0 hand crossbow
Missiles
 g - 57 arrows
 i - 2 javelins
 A - 41 poisoned darts (quivered)
 F - 20 bolts
 G - 7 curare-tipped darts
Armour
 d - a +0 robe (worn)
 j - a +0 pair of boots (worn)
 n - a +1 helmet (worn)
 w - a +2 cloak (worn)
Jewellery
 h - a +2 amulet of reflection (around neck)
 r - a ring of protection from cold (right hand)
 E - an uncursed ring of positive energy {unknown}
Scrolls
 f - a scroll of enchant armour {unknown}
 l - a scroll of blinking {unknown}
 o - a scroll of teleportation {unknown}
 q - a scroll of amnesia {unknown}
 v - 2 scrolls of random uselessness {unknown}
 y - 4 scrolls of remove curse
 B - 4 scrolls of identify {unknown}
 D - a scroll of fog {unknown}
Potions
 m - a potion of berserk rage {unknown}
 p - a potion of curing {unknown}
 s - a potion of brilliance {unknown}
 t - a potion of might
 u - 2 potions of lignification {unknown}
 x - 4 potions of heal wounds {unknown}
 z - a potion of agility
 C - a potion of cancellation {unknown}
Comestibles
 c - 7 rations


   Skills:
 + Level 4.7(4.5) Fighting
 - Level 2.1(1.9) Dodging
 - Level 1.7(1.5) Stealth
 + Level 4.6(4.4) Spellcasting
 + Level 7.0(6.7) Summonings


You had 2 spell levels left.
You knew the following spells:

 Your Spells              Type           Power        Failure   Level  Hunger
a - Summon Small Mammal   Summ           ####         1%          1    None
b - Call Imp              Summ           ####....     1%          2    ##.....
c - Summon Ice Beast      Ice/Summ       ###.....     36%         4    ####...
d - Call Canine Familiar  Summ           ####....     2%          3    ###....
e - Summon Guardian Gole  Hex/Summ       ###.....     11%         3    ###....

Your spell library contained the following spells:

 Spells                   Type           Power        Failure   Level  Hunger
 Summon Lightning Spire   Summ/Air       ###.....     36%         4    ####...


Dungeon Overview and Level Annotations

Branches:
Dungeon (5/15)
 Temple: D:4-7

Altars:
Cheibriados
Fedhas
Kikubaaqudgha
Makhleb


Innate Abilities, Weirdness & Mutations

Shadows flee at your approach. (+LOS)
You can swim through water.
You cover ground slowly.
You can hop short distances.


Message History

The centaur shoots an arrow.
The arrow hits your crimson imp.
The centaur shoots an arrow.
The arrow closely misses your crimson imp.
The arrow misses you.
Casting: Summon Ice Beast (quite dangerous; 36% risk of failure)
Confirm with . or Enter, or press ? or * to list all spells.
The centaur shoots an arrow.
The arrow barely misses your crimson imp.
The arrow barely misses you.
The centaur shoots an arrow.
The arrow barely misses your crimson imp.
The arrow hits you.
* * * LOW HITPOINT WARNING * * *
x2 It was a potion of might.
You feel very mighty all of a sudden.
The centaur shoots an arrow.
The arrow hits your crimson imp!
Your crimson imp dies!
The centaur shoots an arrow.
The arrow closely misses you.
The centaur shoots an arrow.
The arrow hits you!
* * * LOW HITPOINT WARNING * * *
You die...

#. #... .... .# #.. ..#.##.
#..# #..# .# #.. ....
...##..# #..##..###.. .....
$.....# #...........
...#.##.#...# #..##..# #..
. .(........###..##..###..
...#.#.....(..............
.. ..(..#...###...........
.... #..#@.(###...###.###.
......#c.(.h...........###.
........c#...............#.
...!..#.(#...#.............
....# #.?#...#.##..##..#.#.
... ...#...#.##..##......
..............##.##.#.
...........###....##.#.
......#...#.# #.........


You could see 2 centaurs and a friendly hound.

Vanquished Creatures
  3 hounds
  An orc priest (D:3)
  An orc wizard (D:4)
  2 iguanas (D:4)
  A worker ant (D:4)
  Robin (D:4)
  3 adders
  A gnoll (D:4)
  An adder skeleton (D:2)
  A worm (D:3)
  A leopard gecko (D:3)
  8 orcs
  3 giant cockroaches
  6 goblins
  5 hobgoblins
  A jackal (D:4)
  2 kobolds
  3 quokkas
  A ball python (D:2)
  8 bats
  5 frilled lizards
  A leopard gecko skeleton (D:4)
  9 rats
68 creatures vanquished.

Vanquished Creatures (collateral kills)
  An orc wizard (D:3)
  Crazy Yiuf (D:2)
  A worker ant (D:4)
  Ijyb (D:3)
  2 gnolls (D:4)
  2 adders
  2 worms
  4 leopard geckos
  8 orcs
  A giant cockroach (D:1)
  8 goblins
  4 hobgoblins
  5 jackals
  4 kobolds
  2 quokkas
  A ball python (D:1)
  5 bats
  3 frilled lizards
  4 rats
59 creatures vanquished.

Vanquished Creatures (others)
  A hound (D:5)
1 creature vanquished.

Grand Total: 128 creatures vanquished

Notes
Turn   | Place    | Note
-------+----------+-------------------------------------------
     0 | D:1      | night the Barachi Summoner began the quest for the Orb.
     0 | D:1      | Reached XP level 1. HP: 13/13 MP: 3/3
    94 | D:1      | Reached skill level 5 in Summonings
   333 | D:1      | Reached XP level 2. HP: 11/20 MP: 1/5
   334 | D:1      | Reached skill level 1 in Fighting
   507 | D:1      | Learned a level 2 spell: Call Imp
  1436 | D:2      | Reached XP level 3. HP: 22/26 MP: 1/7
  2287 | D:2      | Found a runed translucent door.
  2288 | D:2      | Noticed Crazy Yiuf
  2315 | D:2      | Killed Crazy Yiuf
  2315 | D:2      | Reached XP level 4. HP: 10/34 MP: 0/8
  2659 | D:3      | Learned a level 4 spell: Summon Ice Beast
  3111 | D:3      | Reached XP level 5. HP: 28/40 MP: 1/10
  3183 | D:3      | Noticed Ijyb
  3235 | D:3      | Killed Ijyb
  3315 | D:3      | Reached skill level 6 in Summonings
  3482 | D:3      | Learned a level 3 spell: Call Canine Familiar
  3686 | D:4      | Got an ancient mace
  3687 | D:4      | Identified the +9 mace of Iquiroramp {venom, MR+} (You
                  | found it on level 4 of the Dungeon)
  3699 | D:4      | Reached XP level 6. HP: 43/48 MP: 6/11
  3796 | D:4      | Found a snail-covered altar of Cheibriados.
  4052 | D:4      | Found a burning altar of Makhleb.
  4068 | D:4      | Noticed Robin
  4093 | D:4      | Killed Robin
  4686 | D:4      | Found a blossoming altar of Fedhas.
  4687 | D:4      | Found an ancient bone altar of Kikubaaqudgha.
  4722 | D:5      | Entered Level 5 of the Dungeon
  4738 | D:5      | Reached XP level 7. HP: 51/55 MP: 13/13
  4747 | D:5      | Learned a level 3 spell: Summon Guardian Golem
  4920 | D:5      | Reached skill level 7 in Summonings
  4924 | D:5      | HP: 1/55 [centaur/arrow (9)]
  4924 | D:5      | Shot with an arrow by a centaur

Levels and vault maps discovered:
D:1:      dpeg_arrival_line_fractal, layout_loops_ring
D:2:      minmay_alternating_diamond, layout_loops_cross, first_ration,
          minmay_fractal_squares_5, uniq_crazy_yiuf_cottage
D:3:      layout_basic, minmay_guardbox, uniq_ijyb
D:4:      layout_loops_cross, grunt_temple_overflow_growth_and_decay,
          old_standard_altar, cheibriados_altar_1, uniq_robin
D:5:      layout_basic

Skill      XL: |  1  2  3  4  5  6  7 |
---------------+----------------------+-----
Summonings     | 5 6 7 |  7.0
Fighting       | 1 2 3 4 |  4.7
Spellcasting   | 3 4 |  4.6
Dodging        | |  2.1
Stealth        | |  1.7

Action                   |  1- 3 |  4- 6 |  7- 9 || total
-------------------------+-------+-------+-------++-------
Melee: Unarmed           |    12 |       |       ||    12
       Mace              |    39 |    65 |    10 ||   114
       Spear             |    68 |    83 |       ||   151
       Quarterstaff      |       |     9 |       ||     9
Throw: Dart              |       |     2 |       ||     2
 Cast: Summon Small Mamm |    19 |     7 |       ||    26
       Call Imp          |    21 |    24 |     2 ||    47
       Call Canine Famil |       |     5 |     1 ||     6
       Summon Ice Beast  |       |       |     1 ||     1
 Abil: Hop               |     1 |       |       ||     1
  Use: Scroll            |     1 |       |     1 ||     2
       Potion            |       |     1 |     1 ||     2
 Stab: Sleeping          |     4 |     3 |       ||     7
       Distracted        |     1 |       |       ||     1
  Eat: Chunk             |     6 |    11 |     1 ||    18
Armor: Robe              |    31 |    70 |    10 ||   111
Dodge: Dodged            |   101 |   100 |    19 ||   220
Block: Other             |     8 |    11 |     2 ||    21
       Reflection        |       |     1 |     1 ||     2
